| TOP OF THE 1ST |
|
University of North Carolina at Chapel Hill Tar Heels batting - Pitching for UCLA Bruins : RHP Billy McKinzie
|
|
Pitching: RHP Billy McKinzie
|
|
|
Batting: SHB Jim Saxon
|
0-0: Swinging Strike 0-1: Called Strike 0-2: Ball 1-2: Ball 2-2: Ball 3-2: Foul Ball, location: 2F 3-2: Strikes out looking
|
|
Batting: RHB Tony Jennings
|
0-0: Called Strike 0-1: SINGLE (Line Drive, 34D, EV 95.0 MPH)
|
|
Batting: RHB Michael Houseman
|
0-0: Called Strike 0-1: Ball 1-1: Ball 2-1: Foul Ball, location: 2F 2-2: Strikes out swinging
|
|
Batting: RHB Mike Machalek
|
0-0: Called Strike 0-1: Called Strike 0-2: Strikes out swinging
|
| Top of the 1st over - 0 runs, 1 hit, 0 errors, 1 left on base; University of North Carolina at Chapel Hill 0 - UCLA 0 |
| BOTTOM OF THE 1ST |
|
UCLA Bruins batting - Pitching for University of North Carolina at Chapel Hill Tar Heels : LHP Gabe Zarco
|
|
Pitching: LHP Gabe Zarco
|
|
|
Batting: LHB Mark Cummings
|
0-0: Ball 1-0: Ground out 1-3 (Groundball, 34S, EV 76.2 MPH)
|
|
Batting: RHB Issac Konol
|
0-0: Foul Ball, location: 2F 0-1: Fly out, F2 (Popup, 23F, EV 84.4 MPH)
|
|
Batting: RHB Andy Knerr
|
0-0: Called Strike 0-1: Reached on error, E3 (Groundball, 34S, EV 80.6 MPH)
|
|
Batting: RHB Ethan Krause
|
0-0: Ground out 5-3 (Groundball, 56, EV 98.8 MPH)
|
| Bottom of the 1st over - 0 runs, 0 hits, 1 error, 1 left on base; University of North Carolina at Chapel Hill 0 - UCLA 0 |
| TOP OF THE 2ND |
|
University of North Carolina at Chapel Hill Tar Heels batting - Pitching for UCLA Bruins : RHP Billy McKinzie
|
|
Batting: RHB Jeremy Rollins
|
0-0: Ball 1-0: Ball 2-0: Foul Ball, location: 2F 2-1: Ball 3-1: Swinging Strike 3-2: Strikes out looking
|
|
Batting: LHB Roberto Lopez
|
0-0: Ball 1-0: Ball 2-0: Ball 3-0: Called Strike 3-1: Swinging Strike 3-2: Base on Balls
|
|
Batting: RHB Brandon Wilson
|
0-0: Ball 1-0: Swinging Strike 1-1: Ball 2-1: Ball 3-1: Foul Ball, location: 2F 3-2: Strikes out swinging
|
|
Batting: LHB Armando Pena
|
0-0: Called Strike 0-1: Ball 1-1: Called Strike 1-2: Fly out, F2 (Popup, 25F, EV 94.4 MPH)
|
| Top of the 2nd over - 0 runs, 0 hits, 0 errors, 1 left on base; University of North Carolina at Chapel Hill 0 - UCLA 0 |
| BOTTOM OF THE 2ND |
|
UCLA Bruins batting - Pitching for University of North Carolina at Chapel Hill Tar Heels : LHP Gabe Zarco
|
|
Batting: RHB Dave Spradley
|
0-0: Called Strike 0-1: Ball 1-1: Foul Ball, location: 2F 1-2: Ball 2-2: Strikes out swinging
|
|
Batting: RHB Michael Alvarado
|
0-0: Called Strike 0-1: Called Strike 0-2: Ball 1-2: SINGLE (Line Drive, 9LS, EV 98.1 MPH)
|
|
Batting: LHB Scott Mullett
|
0-0: Ball 1-0: Ball 2-0: Foul Ball, location: 2F 2-1: Ball 3-1: Base on Balls Michael Alvarado to second
|
|
Batting: SHB Steve Fouhy
|
0-0: Ball 1-0: Called Strike 1-1: Ball 2-1: Foul Ball, location: 2F 2-2: Foul Ball, location: 2F 2-2: Ball 3-2: Fly out, F7 (Flyball, 78M, EV 83.8 MPH)
|
|
Batting: SHB Mike Beck
|
0-0: Ground out 5-3 (Groundball, 56, EV 103.1 MPH)
|
| Bottom of the 2nd over - 0 runs, 1 hit, 0 errors, 2 left on base; University of North Carolina at Chapel Hill 0 - UCLA 0 |
| TOP OF THE 3RD |
|
University of North Carolina at Chapel Hill Tar Heels batting - Pitching for UCLA Bruins : RHP Billy McKinzie
|
|
Batting: RHB Brian Brower
|
0-0: Ball 1-0: Ball 2-0: Ball 3-0: Base on Balls
|
|
Batting: SHB Jim Saxon
|
0-0: Swinging Strike 0-1: Foul Ball, location: 2F 0-2: Strikes out looking
|
|
Batting: RHB Tony Jennings
|
0-0: Called Strike 0-1: Ball 1-1: Ball 2-1: SINGLE (Flyball, 89S, EV 100.6 MPH) Brian Brower to second
|
|
Batting: RHB Michael Houseman
|
0-0: Ball 1-0: Swinging Strike 1-1: Ground out 4-3 (Groundball, 4S, EV 63.1 MPH) Brian Brower to third Tony Jennings to second
|
|
Batting: RHB Mike Machalek
|
0-0: Called Strike 0-1: Ball 1-1: Called Strike 1-2: Ball 2-2: Strikes out swinging
|
| Top of the 3rd over - 0 runs, 1 hit, 0 errors, 2 left on base; University of North Carolina at Chapel Hill 0 - UCLA 0 |
| BOTTOM OF THE 3RD |
|
UCLA Bruins batting - Pitching for University of North Carolina at Chapel Hill Tar Heels : LHP Gabe Zarco
|
|
Batting: LHB Mark Cummings
|
0-0: Ball 1-0: Foul Ball, location: 2F 1-1: Ball 2-1: SINGLE (Flyball, 3D, EV 88.1 MPH)
|
|
Batting: RHB Issac Konol
|
0-0: Called Strike 0-1: Ball 1-1: Ball 2-1: Ball 3-1: SINGLE (Line Drive, 7S, EV 108.8 MPH) Mark Cummings to second
|
|
Batting: RHB Andy Knerr
|
0-0: Ball 1-0: Fly out, F8 (Flyball, 8RM, EV 90.6 MPH)
|
|
Batting: RHB Ethan Krause
|
0-0: Ball 1-0: Fly out, F7 (Flyball, 78S, EV 73.1 MPH)
|
|
Batting: RHB Dave Spradley
|
0-0: Ball 1-0: Ball 2-0: Called Strike 2-1: Foul Ball, location: 2F 2-2: Ball 3-2: Ground out 6-3 (Groundball, 6, EV 82.5 MPH)
|
| Bottom of the 3rd over - 0 runs, 2 hits, 0 errors, 2 left on base; University of North Carolina at Chapel Hill 0 - UCLA 0 |
| TOP OF THE 4TH |
|
University of North Carolina at Chapel Hill Tar Heels batting - Pitching for UCLA Bruins : RHP Billy McKinzie
|
|
Batting: RHB Jeremy Rollins
|
0-0: Swinging Strike 0-1: Swinging Strike 0-2: Ball 1-2: Foul Ball, location: 2F 1-2: Strikes out swinging
|
|
Batting: LHB Roberto Lopez
|
0-0: Called Strike 0-1: Ball 1-1: Ball 2-1: Called Strike 2-2: Foul Ball, location: 2F 2-2: Foul Ball, location: 2F 2-2: Strikes out swinging
|
|
Batting: RHB Brandon Wilson
|
0-0: Swinging Strike 0-1: Ball 1-1: Called Strike 1-2: Ball 2-2: Foul Ball, location: 2F 2-2: Ball 3-2: Base on Balls
|
|
Batting: LHB Armando Pena
|
0-0: Called Strike 0-1: Swinging Strike 0-2: Ball 1-2: Foul Ball, location: 2F 1-2: Foul Ball, location: 2F 1-2: Ball 2-2: Foul Ball, location: 2F 2-2: Ball 3-2: 2-RUN HOME RUN (Flyball, 9D, EV 98.1 MPH), Distance : 386 ft
|
|
Batting: RHB Brian Brower
|
0-0: Ground out 2-3 (Groundball, 2R, EV 61.2 MPH)
|
| Top of the 4th over - 2 runs, 1 hit, 0 errors, 0 left on base; University of North Carolina at Chapel Hill 2 - UCLA 0 |
| BOTTOM OF THE 4TH |
|
UCLA Bruins batting - Pitching for University of North Carolina at Chapel Hill Tar Heels : LHP Gabe Zarco
|
|
Batting: RHB Michael Alvarado
|
0-0: Called Strike 0-1: Ball 1-1: Swinging Strike 1-2: Ball 2-2: Strikes out looking
|
|
Batting: LHB Scott Mullett
|
0-0: Ball 1-0: Ball 2-0: Ball 3-0: Base on Balls
|
|
Batting: SHB Steve Fouhy
|
0-0: Ball 1-0: Foul Ball, location: 2F 1-1: Foul Ball, location: 2F 1-2: Foul Ball, location: 2F 1-2: Foul Ball, location: 2F 1-2: SINGLE (Groundball, 6MD, EV 107.5 MPH) Scott Mullett to second
|
|
Batting: SHB Mike Beck
|
0-0: Ball 1-0: Ball 2-0: Ball 3-0: Base on Balls Scott Mullett to third Steve Fouhy to second
|
|
Batting: LHB Mark Cummings
|
0-0: Ball 1-0: Called Strike 1-1: Ball 2-1: SINGLE (Groundball, 5S, EV 62.5 MPH) (infield hit) Scott Mullett scores Steve Fouhy to third Mike Beck to second
|
|
Batting: RHB Issac Konol
|
0-0: Ball 1-0: Ball 2-0: Called Strike 2-1: Called Strike 2-2: DOUBLE (Groundball, 5L, EV 101.2 MPH) Steve Fouhy scores Mike Beck scores Mark Cummings to third Runner from 3rd tries for Home, throw by LF and OUT! 7-6-2 Issac Konol to third
|
|
Pinch Hitting: RHB Melvin Yanes
|
0-0: Called Strike 0-1: Foul Ball, location: 2F 0-2: Ball 1-2: Ball 2-2: Ground out 4-3 (Groundball, 34, EV 103.8 MPH)
|
| Bottom of the 4th over - 3 runs, 3 hits, 0 errors, 1 left on base; University of North Carolina at Chapel Hill 2 - UCLA 3 |
| TOP OF THE 5TH |
|
University of North Carolina at Chapel Hill Tar Heels batting - Pitching for UCLA Bruins : RHP Billy McKinzie
|
|
Pitching: RHP Jan Marvel
|
|
|
Now at 1B: Kevin Allen
|
|
|
Now in LF: Andy Pluskota
|
|
|
Batting: SHB Jim Saxon
|
0-0: Ball 1-0: Swinging Strike 1-1: Called Strike 1-2: Ground out 6-3 (Groundball, 6M, EV 87.5 MPH)
|
|
Batting: RHB Tony Jennings
|
0-0: Fly out, F8 (Flyball, 89XD, EV 108.1 MPH)
|
|
Batting: RHB Michael Houseman
|
0-0: Ball 1-0: Ball 2-0: Ground out 6-3 (Groundball, 6, EV 92.5 MPH)
|
| Top of the 5th over - 0 runs, 0 hits, 0 errors, 0 left on base; University of North Carolina at Chapel Hill 2 - UCLA 3 |
| BOTTOM OF THE 5TH |
|
UCLA Bruins batting - Pitching for University of North Carolina at Chapel Hill Tar Heels : LHP Gabe Zarco
|
|
Batting: RHB Ethan Krause
|
0-0: Called Strike 0-1: SINGLE (Groundball, 56D, EV 97.5 MPH)
|
|
Batting: RHB Dave Spradley
|
0-0: Ball 1-0: Called Strike 1-1: Ball 2-1: Ball 3-1: Grounds into double play, 4-6-3 (Groundball, 4, EV 98.8 MPH)
|
|
Batting: RHB Michael Alvarado
|
0-0: SINGLE (Groundball, 56, EV 97.5 MPH)
|
|
Batting: LHB Scott Mullett
|
0-0: Foul Ball, location: 2F 0-1: Ball 1-1: Swinging Strike 1-2: Strikes out swinging
|
| Bottom of the 5th over - 0 runs, 2 hits, 0 errors, 1 left on base; University of North Carolina at Chapel Hill 2 - UCLA 3 |
| TOP OF THE 6TH |
|
University of North Carolina at Chapel Hill Tar Heels batting - Pitching for UCLA Bruins : RHP Jan Marvel
|
|
Now in LF: Young-lau Seow
|
|
|
Now in RF: Andy Pluskota
|
|
|
Pinch Hitting: LHB Juan Alvarado
|
0-0: Called Strike 0-1: Swinging Strike 0-2: Ball 1-2: Ball 2-2: Foul Ball, location: 2F 2-2: Foul Ball, location: 2F 2-2: Ball 3-2: Ground out 5-3 (Groundball, 5, EV 84.4 MPH)
|
|
Pinch Hitting: LHB Chris Robertson
|
0-0: Swinging Strike 0-1: Called Strike 0-2: Ball 1-2: Ball 2-2: SOLO HOME RUN (Flyball, 9LD, EV 93.8 MPH), Distance : 358 ft
|
|
Batting: LHB Roberto Lopez
|
0-0: DOUBLE (Groundball, 5L, EV 95.0 MPH)
|
|
Batting: RHB Brandon Wilson
|
0-0: Swinging Strike 0-1: Reached on error, E5 (Groundball, 56S, EV 85.0 MPH) Roberto Lopez scores
|
|
Batting: LHB Armando Pena
|
0-0: Ball 1-0: Foul Ball, location: 2F 1-1: Ball 2-1: Swinging Strike 2-2: Fly out, F7 (Flyball, 78S, EV 85.0 MPH)
|
|
Batting: RHB Brian Brower
|
0-0: Ground out U3 (Groundball, 34, EV 99.4 MPH)
|
| Top of the 6th over - 2 runs, 2 hits, 1 error, 1 left on base; University of North Carolina at Chapel Hill 4 - UCLA 3 |
| BOTTOM OF THE 6TH |
|
UCLA Bruins batting - Pitching for University of North Carolina at Chapel Hill Tar Heels : LHP Gabe Zarco
|
|
Pitching: RHP Jason Kaelber
|
|
|
Now at SS: Juan Alvarado
|
|
|
Now in RF: Chris Robertson
|
|
|
Pinch Hitting: RHB Pete Devaux
|
0-0: Ball 1-0: Ball 2-0: Called Strike 2-1: Ball 3-1: Bunt for hit to 13S - play at first, batter OUT! 1-3
|
|
Batting: SHB Mike Beck
|
0-0: Ball 1-0: Ball 2-0: Called Strike 2-1: SINGLE (Groundball, 6S, EV 95.0 MPH)
|
|
Batting: LHB Mark Cummings
|
0-0: Called Strike 0-1: Foul Ball, location: 2F 0-2: Fly out, F8 (Flyball, 78D, EV 109.4 MPH)
|
|
Batting: SHB Kevin Allen
|
0-0: SINGLE (Line Drive, 6D, EV 111.2 MPH) Mike Beck to second
|
|
Batting: LHB Andy Pluskota
|
0-0: Ball 1-0: Ball 2-0: Ball 3-0: Base on Balls Mike Beck to third Kevin Allen to second
|
|
Batting: RHB Luis de Jesus
|
0-0: GRAND SLAM HOME RUN (Flyball, 7LD, EV 98.8 MPH), Distance : 370 ft
|
|
Pitching: RHP Berry Dow
|
|
|
Batting: RHB Dave Spradley
|
0-0: Ball 1-0: Swinging Strike 1-1: Ball 2-1: Ball 3-1: Base on Balls
|
|
Batting: RHB Michael Alvarado
|
0-0: Ball 1-0: Foul Ball, location: 2F 1-1: Swinging Strike 1-2: Ball 2-2: Foul Ball, location: 2F 2-2: Ball 3-2: Base on Balls Dave Spradley to second
|
|
Batting: LHB Young-lau Seow
|
0-0: Hit by Pitch Dave Spradley to third Michael Alvarado to second
|
|
Pinch Runner at 1st Dave Hutchison:
|
|
|
Batting: RHB Pete Devaux
|
0-0: Ball 1-0: Called Strike 1-1: Swinging Strike 1-2: Strikes out swinging
|
| Bottom of the 6th over - 4 runs, 3 hits, 0 errors, 3 left on base; University of North Carolina at Chapel Hill 4 - UCLA 7 |
| TOP OF THE 7TH |
|
University of North Carolina at Chapel Hill Tar Heels batting - Pitching for UCLA Bruins : RHP Jan Marvel
|
|
Pitching: RHP Juan Zatarain
|
|
|
Now at 3B: Mike Beck
|
|
|
Now at SS: Pete Devaux
|
|
|
Now in LF: Chris Pounders
|
|
|
Batting: SHB Jim Saxon
|
0-0: Ball 1-0: Called Strike 1-1: Swinging Strike 1-2: Foul Ball, location: 2F 1-2: Ball 2-2: Ball 3-2: Foul Ball, location: 2F 3-2: Base on Balls
|
|
Batting: RHB Tony Jennings
|
0-0: Ground out 6-3 (Groundball, 6M, EV 98.8 MPH) Jim Saxon to second
|
|
Batting: RHB Michael Houseman
|
0-0: Ball 1-0: Ball 2-0: Called Strike 2-1: Ball 3-1: Fly out, F9 (Flyball, 9S, EV 90.0 MPH)
|
|
Batting: LHB Juan Alvarado
|
0-0: Ground out U3 (Groundball, 13, EV 85.6 MPH)
|
| Top of the 7th over - 0 runs, 0 hits, 0 errors, 1 left on base; University of North Carolina at Chapel Hill 4 - UCLA 7 |
| BOTTOM OF THE 7TH |
|
UCLA Bruins batting - Pitching for University of North Carolina at Chapel Hill Tar Heels : RHP Berry Dow
|
|
Pitching: RHP Didier Pages
|
|
|
Batting: SHB Mike Beck
|
0-0: Foul Ball, location: 2F 0-1: Ball 1-1: Ball 2-1: Swinging Strike 2-2: Foul Ball, location: 2F 2-2: Strikes out looking
|
|
Batting: LHB Mark Cummings
|
0-0: Swinging Strike 0-1: Fly out, F7 (Flyball, 78S, EV 87.5 MPH)
|
|
Batting: SHB Kevin Allen
|
0-0: Ball 1-0: Swinging Strike 1-1: SOLO HOME RUN (Flyball, 7D, EV 101.9 MPH), Distance : 400 ft
|
|
Batting: LHB Andy Pluskota
|
0-0: Called Strike 0-1: Ball 1-1: SINGLE (Groundball, 3, EV 97.5 MPH)
|
|
Batting: RHB Luis de Jesus
|
0-0: Called Strike 0-1: Foul Ball, location: 2F 0-2: Strikes out swinging
|
| Bottom of the 7th over - 1 run, 2 hits, 0 errors, 1 left on base; University of North Carolina at Chapel Hill 4 - UCLA 8 |
| TOP OF THE 8TH |
|
University of North Carolina at Chapel Hill Tar Heels batting - Pitching for UCLA Bruins : RHP Juan Zatarain
|
|
Pitching: RHP Kyle Mann
|
|
|
Batting: LHB Chris Robertson
|
0-0: Ball 1-0: Ball 2-0: Ground out 5-3 (Groundball, 56, EV 92.5 MPH)
|
|
Batting: LHB Roberto Lopez
|
0-0: Ball 1-0: Fly out, F7 (Flyball, 78M, EV 79.4 MPH)
|
|
Batting: RHB Brandon Wilson
|
0-0: Ball 1-0: Ball 2-0: Called Strike 2-1: Foul Ball, location: 2F 2-2: DOUBLE (Flyball, 8LXD, EV 115.0 MPH)
|
|
Batting: LHB Armando Pena
|
0-0: Called Strike 0-1: Ball 1-1: Swinging Strike 1-2: Ground out 6-3 (Groundball, 6, EV 97.5 MPH)
|
| Top of the 8th over - 0 runs, 1 hit, 0 errors, 1 left on base; University of North Carolina at Chapel Hill 4 - UCLA 8 |
| BOTTOM OF THE 8TH |
|
UCLA Bruins batting - Pitching for University of North Carolina at Chapel Hill Tar Heels : RHP Didier Pages
|
|
Pitching: RHP Alex Aldaya
|
|
|
Batting: RHB Dave Spradley
|
0-0: Ball 1-0: Ball 2-0: Fly out, F8 (Flyball, 78XD, EV 95.6 MPH)
|
|
Batting: RHB Michael Alvarado
|
0-0: Foul Ball, location: 2F 0-1: Foul Ball, location: 2F 0-2: Ball 1-2: Ball 2-2: Ball 3-2: Foul Ball, location: 2F 3-2: SINGLE (Line Drive, 3D, EV 95.6 MPH)
|
|
Batting: RHB Chris Pounders
|
0-0: Ball 1-0: Called Strike 1-1: Swinging Strike 1-2: Ball 2-2: Ball 3-2: Strikes out swinging
|
|
Batting: RHB Pete Devaux
|
0-0: Ball 1-0: Fielders Choice at 2nd, 6-4 (Groundball, 6, EV 81.2 MPH)
|
| Bottom of the 8th over - 0 runs, 1 hit, 0 errors, 1 left on base; University of North Carolina at Chapel Hill 4 - UCLA 8 |
| TOP OF THE 9TH |
|
University of North Carolina at Chapel Hill Tar Heels batting - Pitching for UCLA Bruins : RHP Kyle Mann
|
|
Pitching: RHP Carlos Rodriguez
|
|
|
Pinch Hitting: RHB Steve Breshears
|
0-0: Foul Ball, location: 2F 0-1: Ball 1-1: Ball 2-1: Called Strike 2-2: Ball 3-2: Strikes out swinging
|
|
Batting: SHB Jim Saxon
|
0-0: Swinging Strike 0-1: Foul Ball, location: 2F 0-2: Foul Ball, location: 2F 0-2: Foul Ball, location: 2F 0-2: Ball 1-2: Foul Ball, location: 2F 1-2: Strikes out looking
|
|
Batting: RHB Tony Jennings
|
0-0: Called Strike 0-1: Called Strike 0-2: Strikes out swinging
|
| Top of the 9th over - 0 runs, 0 hits, 0 errors, 0 left on base; University of North Carolina at Chapel Hill 4 - UCLA 8 |
|